MID
WEST MICHIGAN WHITECAPS @ LAKE COUNTY CAPTAINS
06/29/2048
 
TOP OF THE 1ST
West Michigan Whitecaps batting - Pitching for Lake County Captains : RHP Alex Mora
Pitching: RHP Alex Mora
Batting: SHB Willie Medina 0-0: Ball
1-0: Fly out, F7 (Flyball, 7LSF, EV 90.6 MPH)
Batting: LHB George Moran 0-0: Ball
1-0: Ground out 4-3 (Groundball, 4, EV 91.2 MPH)
Batting: LHB Dave Carlisle 0-0: Swinging Strike
0-1: Called Strike
0-2: Strikes out swinging
Top of the 1st over - 0 runs, 0 hits, 0 errors, 0 left on base; West Michigan 0 - Lake County 0
BOTTOM OF THE 1ST
Lake County Captains batting - Pitching for West Michigan Whitecaps : RHP Rich Nunez
Pitching: RHP Rich Nunez
Batting: RHB George Wagner 0-0: Ball
1-0: SINGLE (Groundball, 6MD, EV 106.2 MPH)
Batting: RHB Steve Gusman 0-0: Called Strike
0-1: Called Strike
0-2: Ball
1-2: Grounds into double play, 5-4-3 (Groundball, 56, EV 85.0 MPH)
Batting: RHB Anibal Casteles 0-0: Ball
1-0: Ball
2-0: Called Strike
2-1: Ball
3-1: Ground out 6-3 (Groundball, 6, EV 105.6 MPH)
Bottom of the 1st over - 0 runs, 1 hit, 0 errors, 0 left on base; West Michigan 0 - Lake County 0
TOP OF THE 2ND
West Michigan Whitecaps batting - Pitching for Lake County Captains : RHP Alex Mora
Batting: LHB Jamie Christian 0-0: DOUBLE (Line Drive, 5D, EV 108.1 MPH)
Batting: RHB Jon Goldstein 0-0: Called Strike
0-1: Ball
1-1: Foul Ball, location: 2F
1-2: DOUBLE (Line Drive, 9LM, EV 103.8 MPH)
Jamie Christian scores
Batting: LHB Jon Pedlar 0-0: Ball
1-0: Foul Ball, location: 2F
1-1: Foul Ball, location: 2F
1-2: Foul Ball, location: 2F
1-2: Ball
2-2: 2-RUN HOME RUN (Flyball, 89XD, EV 96.2 MPH), Distance : 392 ft
Batting: LHB Steve Herrera 0-0: Foul Ball, location: 2F
0-1: Foul Ball, location: 2F
0-2: Foul Ball, location: 2F
0-2: Ball
1-2: Strikes out swinging
Batting: RHB Yaremka Rzhevsky 0-0: Ball
1-0: Ball
2-0: Called Strike
2-1: Called Strike
2-2: Foul Ball, location: 2F
2-2: Fly out, F8 (Flyball, 8RM, EV 92.5 MPH)
Batting: RHB Tony Murray 0-0: Called Strike
0-1: Ball
1-1: Called Strike
1-2: Fly out, F7 (Flyball, 7D, EV 93.1 MPH)
Top of the 2nd over - 3 runs, 3 hits, 0 errors, 0 left on base; West Michigan 3 - Lake County 0
BOTTOM OF THE 2ND
Lake County Captains batting - Pitching for West Michigan Whitecaps : RHP Rich Nunez
Batting: LHB Jeff Palmowski 0-0: Called Strike
0-1: Ball
1-1: Foul Ball, location: 2F
1-2: Ball
2-2: Foul Ball, location: 2F
2-2: Strikes out swinging
Batting: RHB Adam McMillen 0-0: Ball
1-0: Called Strike
1-1: Ball
2-1: Swinging Strike
2-2: Strikes out swinging
Batting: RHB Josh Patterson 0-0: Called Strike
0-1: Ball
1-1: Foul Ball, location: 2F
1-2: Foul Ball, location: 2F
1-2: Foul Ball, location: 2F
1-2: Foul Ball, location: 2F
1-2: Strikes out swinging
Bottom of the 2nd over - 0 runs, 0 hits, 0 errors, 0 left on base; West Michigan 3 - Lake County 0
TOP OF THE 3RD
West Michigan Whitecaps batting - Pitching for Lake County Captains : RHP Alex Mora
Batting: SHB Willie Medina 0-0: Swinging Strike
0-1: SINGLE (Groundball, 34D, EV 98.8 MPH)
Batting: LHB George Moran 0-0: Called Strike
0-1: Ball
Wild Pitch!
Willie Medina to second
1-1: Ball
2-1: Foul Ball, location: 2F
2-2: Fly out, F7 (Flyball, 78S, EV 84.4 MPH)
Batting: LHB Dave Carlisle 0-0: Called Strike
0-1: Swinging Strike
0-2: Strikes out swinging
Batting: LHB Jamie Christian 0-0: DOUBLE (Line Drive, 8LXD, EV 105.6 MPH)
Willie Medina scores
Batting: RHB Jon Goldstein 0-0: Called Strike
0-1: Ball
1-1: Foul Ball, location: 2F
1-2: Strikes out swinging
Top of the 3rd over - 1 run, 2 hits, 0 errors, 1 left on base; West Michigan 4 - Lake County 0
BOTTOM OF THE 3RD
Lake County Captains batting - Pitching for West Michigan Whitecaps : RHP Rich Nunez
Batting: RHB Carlos Salazar 0-0: Fly out, F7 (Flyball, 78S, EV 84.4 MPH)
Batting: LHB Aaron Caron 0-0: Called Strike
0-1: Ball
1-1: Called Strike
1-2: Ball
2-2: Ground out 6-3 (Groundball, 6, EV 80.6 MPH)
Batting: RHB Jeremy Givens 0-0: Swinging Strike
0-1: Swinging Strike
0-2: Strikes out swinging
Bottom of the 3rd over - 0 runs, 0 hits, 0 errors, 0 left on base; West Michigan 4 - Lake County 0
TOP OF THE 4TH
West Michigan Whitecaps batting - Pitching for Lake County Captains : RHP Alex Mora
Batting: LHB Jon Pedlar 0-0: Ball
1-0: Ball
2-0: Ball
3-0: Called Strike
3-1: Swinging Strike
3-2: Foul Ball, location: 2F
3-2: Fly out, F7 (Flyball, 78D, EV 98.8 MPH)
Batting: LHB Steve Herrera 0-0: Ball
1-0: Called Strike
1-1: Ball
2-1: Ball
3-1: Foul Ball, location: 2F
3-2: Ground out 6-3 (Groundball, 6, EV 85.0 MPH)
Batting: RHB Yaremka Rzhevsky 0-0: Ball
1-0: Ball
2-0: Ground out 6-3 (Groundball, 4M, EV 108.8 MPH)
Top of the 4th over - 0 runs, 0 hits, 0 errors, 0 left on base; West Michigan 4 - Lake County 0
BOTTOM OF THE 4TH
Lake County Captains batting - Pitching for West Michigan Whitecaps : RHP Rich Nunez
Batting: RHB George Wagner 0-0: Ball
1-0: Foul Ball, location: 2F
1-1: Ball
2-1: Called Strike
2-2: Foul Ball, location: 2F
2-2: Foul Ball, location: 2F
2-2: Foul Ball, location: 2F
2-2: Strikes out swinging
Batting: RHB Steve Gusman 0-0: Ball
1-0: Ground out 4-3 (Groundball, 4S, EV 94.4 MPH)
Batting: RHB Anibal Casteles 0-0: Ball
1-0: Swinging Strike
1-1: Ground out 4-3 (Groundball, 4, EV 92.5 MPH)
Bottom of the 4th over - 0 runs, 0 hits, 0 errors, 0 left on base; West Michigan 4 - Lake County 0
TOP OF THE 5TH
West Michigan Whitecaps batting - Pitching for Lake County Captains : RHP Alex Mora
Batting: RHB Tony Murray 0-0: Ball
1-0: Swinging Strike
1-1: Foul Ball, location: 2F
1-2: Foul Ball, location: 2F
1-2: Ball
2-2: Ball
3-2: SINGLE (Line Drive, 89S, EV 95.0 MPH)
Batting: SHB Willie Medina 0-0: Called Strike
0-1: Ball
1-1: Foul Ball, location: 2F
1-2: Strikes out swinging
Batting: LHB George Moran 0-0: Called Strike
0-1: Ball
1-1: Fly out, F7 (Flyball, 78XD, EV 96.9 MPH)
Batting: LHB Dave Carlisle 0-0: Swinging Strike
0-1: Foul Ball, location: 2F
0-2: Ball
1-2: Ball
2-2: Ground out U3 (Groundball, 3L, EV 108.1 MPH)
Top of the 5th over - 0 runs, 1 hit, 0 errors, 1 left on base; West Michigan 4 - Lake County 0
BOTTOM OF THE 5TH
Lake County Captains batting - Pitching for West Michigan Whitecaps : RHP Rich Nunez
Batting: LHB Jeff Palmowski 0-0: Called Strike
0-1: Ball
1-1: Foul Ball, location: 2F
1-2: Ball
2-2: Foul Ball, location: 2F
2-2: Ball
3-2: Fly out, F7 (Line Drive, 78M, EV 90.6 MPH)
Batting: RHB Adam McMillen 0-0: Ball
1-0: Called Strike
1-1: Ball
2-1: Swinging Strike
2-2: Foul Ball, location: 2F
2-2: Ball
3-2: DOUBLE (Groundball, 5L, EV 102.5 MPH)
Batting: RHB Josh Patterson 0-0: Called Strike
0-1: Ball
1-1: Ground out 4-3 (Groundball, 4, EV 105.0 MPH)
Adam McMillen to third
Batting: RHB Carlos Salazar 0-0: Swinging Strike
0-1: Ball
1-1: Called Strike
1-2: Ball
2-2: Strikes out swinging
Bottom of the 5th over - 0 runs, 1 hit, 0 errors, 1 left on base; West Michigan 4 - Lake County 0
TOP OF THE 6TH
West Michigan Whitecaps batting - Pitching for Lake County Captains : RHP Alex Mora
Batting: LHB Jamie Christian 0-0: Called Strike
0-1: Foul Ball, location: 2F
0-2: Fly out, F7 (Flyball, 7S, EV 80.0 MPH)
Batting: RHB Jon Goldstein 0-0: Ball
1-0: Ball
2-0: Called Strike
2-1: Foul Ball, location: 2F
2-2: Strikes out looking
Batting: LHB Jon Pedlar 0-0: Ball
1-0: Called Strike
1-1: Ball
2-1: Ground out 4-3 (Groundball, 4, EV 78.8 MPH)
Top of the 6th over - 0 runs, 0 hits, 0 errors, 0 left on base; West Michigan 4 - Lake County 0
BOTTOM OF THE 6TH
Lake County Captains batting - Pitching for West Michigan Whitecaps : RHP Rich Nunez
Batting: LHB Aaron Caron 0-0: Ball
1-0: Ball
2-0: Called Strike
2-1: Foul Ball, location: 2F
2-2: Ball
3-2: Ground out 3-1 (Groundball, 34S, EV 84.4 MPH)
Batting: RHB Jeremy Givens 0-0: Swinging Strike
0-1: Ball
1-1: Swinging Strike
1-2: Ball
2-2: Ball
3-2: Foul Ball, location: 2F
3-2: Foul Ball, location: 2F
3-2: DOUBLE (Groundball, 5L, EV 103.8 MPH)
Batting: RHB George Wagner 0-0: Ball
Jeremy Givens steals 3rd, throwing error, E2
Jeremy Givens scores
1-0: Ground out 4-3 (Groundball, 4, EV 104.4 MPH)
Batting: RHB Steve Gusman 0-0: Foul Ball, location: 2F
0-1: Ground out 6-3 (Groundball, 6M, EV 103.1 MPH)
Bottom of the 6th over - 1 run, 1 hit, 1 error, 0 left on base; West Michigan 4 - Lake County 1
TOP OF THE 7TH
West Michigan Whitecaps batting - Pitching for Lake County Captains : RHP Alex Mora
Batting: LHB Steve Herrera 0-0: Ball
1-0: Ball
2-0: Foul Ball, location: 2F
2-1: Foul Ball, location: 2F
2-2: Strikes out swinging
Pitching: RHP Leo Loetzsch
Batting: RHB Yaremka Rzhevsky 0-0: Ground out 4-3 (Groundball, 4, EV 101.9 MPH)
Batting: RHB Tony Murray 0-0: Called Strike
0-1: Foul Ball, location: 2F
0-2: Ball
1-2: Ball
2-2: Ball
3-2: DOUBLE (Flyball, 78D, EV 98.1 MPH)
Batting: SHB Willie Medina 0-0: Called Strike
0-1: Swinging Strike
0-2: Ball
1-2: Strikes out looking
Top of the 7th over - 0 runs, 1 hit, 0 errors, 1 left on base; West Michigan 4 - Lake County 1
BOTTOM OF THE 7TH
Lake County Captains batting - Pitching for West Michigan Whitecaps : RHP Rich Nunez
Batting: RHB Anibal Casteles 0-0: Swinging Strike
0-1: Ball
1-1: Ground out 6-3 (Groundball, 6, EV 105.6 MPH)
Batting: LHB Jeff Palmowski 0-0: Called Strike
0-1: Fly out, F7 (Flyball, 78S, EV 85.6 MPH)
Batting: RHB Adam McMillen 0-0: Called Strike
0-1: Ball
1-1: Foul Ball, location: 2F
1-2: Ball
2-2: Strikes out swinging
Bottom of the 7th over - 0 runs, 0 hits, 0 errors, 0 left on base; West Michigan 4 - Lake County 1
TOP OF THE 8TH
West Michigan Whitecaps batting - Pitching for Lake County Captains : RHP Leo Loetzsch
Batting: LHB George Moran 0-0: Called Strike
0-1: Ball
1-1: Foul Ball, location: 2F
1-2: Strikes out swinging
Batting: LHB Dave Carlisle 0-0: Ball
1-0: Ball
2-0: Fly out, F7 (Flyball, 7LS, EV 79.4 MPH)
Batting: LHB Jamie Christian 0-0: Ball
1-0: Fly out, F2 (Popup, 15S, EV 89.4 MPH)
Top of the 8th over - 0 runs, 0 hits, 0 errors, 0 left on base; West Michigan 4 - Lake County 1
BOTTOM OF THE 8TH
Lake County Captains batting - Pitching for West Michigan Whitecaps : RHP Rich Nunez
Batting: RHB Josh Patterson 0-0: Called Strike
0-1: Foul Ball, location: 2F
0-2: Ball
1-2: Ball
2-2: Foul Ball, location: 2F
2-2: Fly out, F9 (Flyball, 9, EV 84.4 MPH)
Batting: RHB Carlos Salazar 0-0: Ball
1-0: Ball
2-0: Called Strike
2-1: Ball
3-1: Base on Balls
Pitching: LHP Jesse Turner
Pinch Hitting: RHB Harris Leroux 0-0: Ground out 6-3 (Groundball, 6S, EV 66.9 MPH)
Carlos Salazar to second
Batting: RHB Jeremy Givens 0-0: Ball
1-0: Foul Ball, location: 2F
1-1: Swinging Strike
1-2: Ground out 6-3 (Groundball, P, EV 89.4 MPH)
Bottom of the 8th over - 0 runs, 0 hits, 0 errors, 1 left on base; West Michigan 4 - Lake County 1
TOP OF THE 9TH
West Michigan Whitecaps batting - Pitching for Lake County Captains : RHP Leo Loetzsch
Now in RF: Harris Leroux
Batting: RHB Jon Goldstein 0-0: Called Strike
0-1: Called Strike
0-2: Strikes out swinging
Batting: LHB Jon Pedlar 0-0: Ball
1-0: Ground out 4-3 (Groundball, 4, EV 90.0 MPH)
Batting: LHB Steve Herrera 0-0: Foul Ball, location: 2F
0-1: Foul Ball, location: 2F
0-2: Ball
1-2: Foul Ball, location: 2F
1-2: Ball
2-2: Strikes out swinging
Top of the 9th over - 0 runs, 0 hits, 0 errors, 0 left on base; West Michigan 4 - Lake County 1
BOTTOM OF THE 9TH
Lake County Captains batting - Pitching for West Michigan Whitecaps : LHP Jesse Turner
Pitching: RHP Tony Kepp
Batting: RHB George Wagner 0-0: Foul Ball, location: 2F
0-1: Swinging Strike
0-2: DOUBLE (Line Drive, 9LM, EV 108.1 MPH)
Pinch Hitting: LHB Vinny Carreno 0-0: Ball
1-0: Foul Ball, location: 2F
1-1: Ball
2-1: Called Strike
2-2: Foul Ball, location: 2F
2-2: Foul Ball, location: 2F
2-2: Strikes out looking
Pinch Hitting: LHB John Shults 0-0: Called Strike
0-1: Ball
1-1: Ball
2-1: Foul Ball, location: 2F
2-2: Strikes out swinging
Batting: LHB Jeff Palmowski 0-0: Foul Ball, location: 2F
0-1: Foul Ball, location: 2F
0-2: Ball
1-2: Foul Ball, location: 2F
1-2: Ball
2-2: Foul Ball, location: 2F
2-2: Foul Ball, location: 2F
2-2: Ball
Wild Pitch!
George Wagner to third
3-2: Fly out, F7 (Flyball, 7S, EV 95.6 MPH)
Bottom of the 9th over - 0 runs, 1 hit, 0 errors, 1 left on base; West Michigan 4 - Lake County 1
Tuesday, March 28th , 2023 - OOTP Baseball 23.10 Build 110